 Dungeon Crawl Stone Soup version 0.29.1-15-g9cfb28693d (webtiles) character file.

Game seed: 17391749432654504009

229 protoss039 the Digger (level 5, -2/41 HPs)
             Began as a Demonspawn Earth Elementalist on Mar 9, 2023.
             Engulfed by a cloud of flame (8 damage)
             ... on level 4 of the Dungeon.
             The game lasted 00:04:41 (3599 turns).

protoss039 the Digger (DsEE)                        Turns: 3599, Time: 00:04:41

Health: -2/41      AC:  7    Str:  8    XL:     5   Next: 71%
Magic:  8/10       EV: 10    Int: 19    God:
Gold:   169        SH:  0    Dex: 13    Spells: 8/11 levels left

rFire   + . .      SeeInvis .   h - +1 shortbow (vorpal)
rCold   . . .      Faith    .   (shield currently unavailable)
rNeg    . . .      Spirit   .   o - +0 ring mail
rPois   .          Reflect  .   (no helmet)
rElec   .          Harm     .   (no cloak)
rCorr   .          Rampage  .   f - +0 pair of gloves
Will    +....                   (no boots)
Stlth   +.........              c - amulet of regeneration
HPRegen 0.93/turn               p - ring of protection from fire
MPRegen 0.12/turn               t - ring of willpower

@: lethally poisoned (-2 -> -4)
A: powered by pain 1, sharp scales 1, weakness stinger 1
a: no special abilities


You were on level 4 of the Dungeon.
You visited 1 branch of the dungeon, and saw 5 of its levels.

You collected 169 gold pieces.

Inventory:

Hand Weapons
 h - a +1 vorpal shortbow (weapon)
Armour
 f - a +0 pair of gloves (worn)
 o - a +0 ring mail (worn)
Jewellery
 c - an amulet of regeneration (around neck)
 p - a ring of protection from fire (left hand)
 t - a ring of willpower (right hand)
 u - an amulet of magic regeneration
Scrolls
 a - a scroll of summoning {unknown}
 k - a scroll of noise {unknown}
 l - a scroll of immolation
 m - 3 scrolls of enchant armour {unknown}
 n - a scroll of magic mapping {unknown}
 q - a scroll of identify
 r - a scroll of teleportation {unknown}
 s - a scroll of amnesia
Potions
 b - 2 potions of magic
 d - a potion of lignification
 e - a potion of attraction {unknown}
 g - a potion of heal wounds
 i - a potion of curing {unknown}
 j - a potion of degeneration {unknown}
 v - a potion of berserk rage {unknown}


   Skills:
 + Level 3.0 Fighting
 - Level 1.7 Dodging
 - Level 1.7 Stealth
 + Level 3.5 Spellcasting
 - Level 0.8 Transmutations
 + Level 4.0 Earth Magic


You had 8 spell levels left.
You knew the following spells:

 Your Spells              Type           Power      Damage    Failure   Level
a - Sandblast             Erth           36%        2d10      9%          1
b - Passwall              Tmut/Erth      10%        N/A       24%         2

Your spell library contained the following spells:

 Spells                   Type           Power      Damage    Failure   Level
 Foxfire                  Conj/Fire      12%        2x1d4     41%         1
 Slow                     Hex            12%        N/A       41%         1
 Stone Arrow              Conj/Erth      22%        3d8       50%         3
 Ignite Poison            Fire/Tmut/Pois 4%         N/A       75%         3
 Confusing Touch          Hex            3%         N/A       80%         3
 Conjure Flame            Conj/Fire      3%         6-21      80%         3
 Inner Flame              Hex/Fire       3%         N/A       80%         3
 Vampiric Draining        Necr           3%         2d6       80%         3
 Petrify                  Tmut/Erth      12%        N/A       85%         4
 Flame Wave               Conj/Fire      3%         2d5       99%         4
 Sticky Flame             Conj/Fire      3%         2d3       99%         4


Dungeon Overview and Level Annotations

Branches:
Dungeon (5/15) Zot: 26286
 Temple: D:4-7

Altars:
Uskayaw


Innate Abilities, Weirdness & Mutations

You sometimes gain a little power by taking damage.
You are partially covered in razor-sharp scales. (AC +1, Slay +1)
You have a small tail.


Message History

You feel very sick. The gnoll closely misses you.
Unknown command.
You feel much better.
You feel very sick.
The gnoll hits you from afar with a +0 spear.
The gnoll hits you but does no damage.
Unknown command.
Unknown command.
Unknown command.
Casting: Sandblast (safe; 9% risk of failure)
Confirm with . or Enter, or press ? or * to list all spells.
Aiming: Sandblast (safe; 9% risk of failure)
Press: ? - help, Shift-Dir - straight line, f - gnoll
Aim: a gnoll, wielding a +0 flail (inner flame, covering ground quickly, 84% to hit)
The blast of sand hits the gnoll!
Flame seeps out of the gnoll.
The gnoll is severely wounded.
You feel very sick.
The gnoll is engulfed in blazing flames.
The gnoll explodes!
The fiery explosion engulfs you! You resist.
* * * LOW HITPOINT WARNING * * *
The fiery explosion engulfs the gnoll bouda!!
You kill the gnoll bouda!
You hear a shout! x2
Your Fighting skill increases to level 3!
Your Earth Magic skill increases to level 4!
Unknown command.
Unknown command.
Unknown command.
Unknown command.
Casting: Sandblast (safe; 9% risk of failure)
Confirm with . or Enter, or press ? or * to list all spells.
Aiming: Sandblast (safe; 9% risk of failure)
Press: ? - help, Shift-Dir - straight line, f - necrophage
Aim: a necrophage (inner flame, 82% to hit)
The blast of sand hits the necrophage.
Flame seeps out of the necrophage.
The necrophage is lightly damaged.
You are engulfed in blazing flames.
You resist.
You die...

....##..............♣.###.♣...#..
######..........<...♣.....♣...#..
#...............♣+♣♣♣+♣...#..
#................ ....#..
#................ ....#..
#########....##. .####.
..##....###+######
........#.........
.....n§@#g........
.?....§°#gg.......
.......§§lgg......
.[......#g>...K...
.....)..#B........
..###...##.).###.. . #...##...#
....#.....# .....#.....#


You could see a necrophage (inner flame), a gnoll (swift) and a giant cockroach
(inner flame).

Vanquished Creatures
  A gnoll bouda (D:4)
  An orc priest (D:3)
  An orc wizard (D:3)
  A gnoll (D:4)
  4 adders
  4 worms
  3 dart slugs
  4 orcs
  3 ball pythons (D:2)
  5 bats
  4 endoplasms
  5 giant cockroaches
  14 goblins
  6 hobgoblins
  7 jackals
  3 quokkas
  5 frilled lizards
  6 kobolds
  4 rats
81 creatures vanquished.

Notes
Turn   | Place    | Note
-------+----------+-------------------------------------------
     0 | D:1      | protoss039 the Demonspawn Earth Elementalist began the
                  | quest for the Orb.
     0 | D:1      | Reached XP level 1. HP: 13/13 MP: 3/3
   376 | D:1      | Gained mutation: You are partially covered in razor-sharp
                  | scales. (AC +1, Slay +1) [demonic ancestry]
   376 | D:1      | Reached XP level 2. HP: 8/20 MP: 0/5
   504 | D:1      | Reached skill level 1 in Fighting
   643 | D:1      | Reached skill level 3 in Earth Magic
  1099 | D:1      | Reached XP level 3. HP: 16/26 MP: 2/6
  1505 | D:1      | Learned a level 2 spell: Passwall
  2060 | D:2      | Gained mutation: You have a small tail. [demonic ancestry]
  2060 | D:2      | Reached XP level 4. HP: 33/33 MP: 8/8
  2961 | D:3      | Found a faded altar of an unknown god.
  3032 | D:3      | Gained mutation: You sometimes gain a little power by
                  | taking damage. [demonic ancestry]
  3032 | D:3      | Reached XP level 5. HP: 30/39 MP: 9/9
  3474 | D:4      | Found a hide-covered altar of Uskayaw.
  3576 | D:4      | Noticed an orc warrior
  3586 | D:5      | Entered Level 5 of the Dungeon
  3592 | D:4      | HP: 1/40 [gnoll/+2 spear of venom[a gnoll bouda] (2)]
  3599 | D:4      | Reached skill level 4 in Earth Magic
  3599 | D:4      | Engulfed by a cloud of flame

Illustrated notes

Levels and vault maps discovered:
D:1:      dpeg_arrival_more_subterranean_lakeside_camping, layout_basic,
          serial_curves, eino_curves_02, eino_curves_01, eino_curves_04,
          eino_curves_03
D:2:      layout_rooms
D:3:      layout_basic, tso_metal_star, shapermc_ecumenical_altar_mp_highgroup
D:4:      layout_gridville, nicolae_overflow_crystal_walls, xom_teletrap_fun,
          mainiacjoe_overflow_six_doors_small, minmay_hedge_maze
D:5:      layout_loops_ring, uniq_edmund

Skill      XL: |  1  2  3  4  5 |
---------------+----------------+-----
Fighting       | 1 2 3 |  3.0
Earth Magic    | 3 4 |  4.0
Spellcasting   | 3 |  3.5
Dodging        | |  1.7
Stealth        | |  1.7
Transmutations | |  0.8

Action                   |  1- 3 |  4- 6 || total
-------------------------+-------+-------++-------
Melee: Mace              |    39 |       ||    39
       Punch             |     1 |       ||     1
 Fire: Shortbow          |    13 |   112 ||   125
 Cast: Sandblast         |    44 |     8 ||    52
  Use: Scroll            |     4 |     1 ||     5
       Potion            |     1 |     3 ||     4
Armor: Robe              |    26 |       ||    26
       Skin              |    45 |    47 ||    92
       Ring mail         |       |    16 ||    16
Dodge: Dodged            |    64 |    40 ||   104
